 Dungeon Crawl Stone Soup version 0.31-a0-983-g7b6862f502 (webtiles) character file.

Game seed: 14023268704752677455

79 lunkers the Insei (level 3, -5/40 HPs)
             Began as a Demigod Shapeshifter on Nov 2, 2023.
             Slain by a gnoll
             ... wielding a +0 spear
              (6 damage)
             ... on level 2 of the Dungeon.
             The game lasted 00:01:12 (876 turns).

lunkers the Insei (Demigod Shapeshifter)             Turns: 876, Time: 00:01:12

Health: -5/40      AC: 21    Str: 15    XL:     3   Next: 95%
Magic:  5/5        EV: -1    Int: 12    God:
Gold:   25         SH:  0    Dex: 17    Spells: 2/2 levels left

rFire   . .          .
                       - Unarmed
rCold   . . .        (no shield)
rNeg    . . .        a - melded +0 animal skin
rPois   +            (helmet currently unavailable)
rElec   .            (cloak currently unavailable)
rCorr   .            (gloves currently unavailable)
SInv    .            (boots currently unavailable)
Will    .....        (no amulet)
Stlth   ++           (no ring)
HPRegen 0.26/turn    (no ring)
MPRegen 0.09/turn

%: no passive effects
@: tree-form, constricted
A: stationary, stasis, torment immunity, boosted hp, high MP 1, forlorn, divine
attributes
a: no special abilities


You were on level 2 of the Dungeon.
You were a tree.
You visited 1 branch of the dungeon, and saw 2 of its levels.

You collected 25 gold pieces.

Inventory:

Armour
 a - a +0 animal skin (melded)
 g - a +0 pair of boots
Talismans
 c - a beast talisman
 d - a flux talisman
Scrolls
 e - 4 scrolls of teleportation {unknown}
 f - a scroll of summoning {unknown}
 i - a scroll of noise {unknown}
 j - 2 scrolls of identify {unknown}
Potions
 h - a potion of ambrosia {unknown}


   Skills:
 - Level 0.8 Fighting
 - Level 1.7 Dodging
 * Level 4.0 Unarmed Combat
 + Level 3.3 Shapeshifting


You had 2 spell levels left.
You didn't know any spells.
Your spell library contained the following spells:

 Spells                   Type           Power      Damage    Failure   Level
 Apportation              Tloc           0%         N/A       32%         1
 Jinxbite                 Hex            0%         N/A       45%         2
 Alistair's Intoxication  Tmut/Pois      0%         N/A       100%        5


Dungeon Overview and Level Annotations

Branches:
Dungeon (2/15)


Innate Abilities, Weirdness & Mutations

You are a tree.
Your roots penetrate the ground, keeping you stationary.
You cannot be teleported.
You are immune to unholy pain and torment.
Your maximum health is greatly increased.
Your equipment is partially melded.
You have an increased reservoir of magic. (+10% MP)
You shall have no god before yourself.
Your divine heritage dramatically boosts your attributes as you level up.


Message History

The gnoll hits you but does no damage.
Unknown command.
The gnoll hits you but does no damage.
Unknown command.
An orc comes into view. It is wielding a +0 flail.
The gnoll hits you but does no damage.
An orc priest comes into view. It is wielding a +0 whip.
Unknown command.
The gnoll hits you but does no damage.
Unknown command.
An orc comes into view. It is wielding a +0 hand axe.
The gnoll hits you but does no damage.
Unknown command.
The ball python hisses angrily.
You hear a shout!
The gnoll hits you but does no damage.
An orc comes into view. It is wielding a +0 short sword.
You hear an angry hiss.
You hear a shout!
Unknown command.
The orc shouts!
The orc priest mumbles some strange prayers to Beogh against you.
Beogh smites you!
* * * LOW HITPOINT WARNING * * *
The gnoll barely misses you.
Unknown command.
The gnoll hits you but does no damage.
The ball python bites you but does no damage.
The ball python grabs you. The ball python constricts you.
Unknown command.
The ball python bites you but does no damage.
The ball python constricts you.
An orc comes into view. It is wielding a +0 dagger.
The gnoll hits you from afar with a +0 spear.
* * * LOW HITPOINT WARNING * * *
The ball python bites you but does no damage.
The ball python constricts you. The gnoll hits you but does no damage.
Unknown command.
The ball python bites you but does no damage.
The ball python constricts you.
The gnoll hits you from afar with a +0 spear.
You die...

#.... # # #..... .. .
#....###. # .. .#....#..
# #.###.# ...#.## #
#..#..# #...o.
#######...####.#S#
............##†.♣###...
................))gg....
######...#....#######..o
####.##....#####
#..............#
########.##.....# ..PP.#
#####....#
PPP....######...## ###
P..P....#.......# ####.#


You could see an orc priest, 2 gnolls, an orc (wandering) and a ball python.

Vanquished Creatures
  2 gnolls (D:2)
  3 adders (D:2)
  2 dart slugs (D:1)
  6 ball pythons
  4 endoplasms
  A giant cockroach (D:1)
  7 goblins
  A hobgoblin (D:1)
  A quokka (D:2)
  A bat (D:2)
  A kobold (D:1)
29 creatures vanquished.

Notes
Turn   | Place    | Note
-------+----------+-------------------------------------------
     0 | D:1      | lunkers the Demigod Shapeshifter began the quest for the
                  | Orb.
     0 | D:1      | Reached XP level 1. HP: 15/15 MP: 3/3
    91 | D:1      | Reached skill level 3 in Unarmed Combat
   199 | D:1      | Reached XP level 2. HP: 15/22 MP: 4/4
   691 | D:2      | Reached XP level 3. HP: 26/27 MP: 5/5
   854 | D:2      | Reached skill level 4 in Unarmed Combat
   874 | D:2      | HP: 1/40 [gnoll/+0 spear (3)]
   876 | D:2      | Slain by a gnoll

Illustrated notes

Levels and vault maps discovered:
D:1:      evilmike_arrival_rings, layout_basic, shapermc_ecumenical_altar_venn
D:2:      layout_rooms, serial_aquarium, aquarium_bridge_long_joined
          [aquarium_subvault_bridge, aquarium_subvault_window,
          aquarium_subvault_bridge, aquarium_subvault_window,
          aquarium_subvault_window, aquarium_subvault_balcony],
          aquarium_window_fake, aquarium_window_corner, aquarium_view_2b,
          aquarium_balcony_1b, aquarium_pool_side, minmay_misc_feat_roman,
          minmay_shallow_snake_nest, uniq_robin, uniq_crazy_yiuf_cottage

Skill      XL: |  1  2  3 |
---------------+----------+-----
Unarmed Combat | 3 4 |  4.0
Shapeshifting  | 3 |  3.3
Fighting       | |  0.8
Dodging        | |  1.7

Action                     || total
---------------------------++-------
  Melee: Unarmed           ||    81
         Punch             ||     3
    Use: Potion            ||     1
   Stab: Sleeping          ||     4
 Armour: Animal skin       ||    34
         Skin              ||    29
  Dodge: Dodged            ||    35

Table legend: (Time is in decaauts)
 A = Elapsed time spent in this place.
 B = Non-inter-level travel time spent in this place.
 C = Inter-level travel time spent in this place.
 D = Time resting spent in this place.
 E = Time spent auto-exploring this place.
 F = Levels seen in this place.
 G = Mean time per level.
                   A        B        C        D        E       F      G
               +--------+--------+--------+--------+--------+-----+--------+
         Total |    870 |    857 |     13 |      0 |    668 |   2 |  435.0 |
       Dungeon |    870 |    857 |     13 |      0 |    668 |   2 |  435.0 |
               +--------+--------+--------+--------+--------+-----+--------+

Top non-repeatable levels by time:
     D:1: 462 daAuts
     D:2: 408 daAuts
